Map: Lock & Load

Players

monk

  • Race: Protoss Protoss
  • Spawn Location: 7:00

XxMaximusxX

  • Race: Terran Terran
  • Spawn Location: 6:00

VOD

Have the link to the VOD?

Description

Time

  • Played on: Sept. 27, 2017, 11:37 p.m.
  • Length: 14:42
Show
View Real Time Build Order
Export as new Build Order

monk Protoss 

Build Orders:  

Get SALT Encoding   

  12  0:03  Probe (Chrono Boost)  
  13  0:15  Probe (Chrono Boost)  
  14  0:27  Probe (Chrono Boost)  
  15  0:41  Gateway  
  15  0:43  Probe (Chrono Boost)  
  16  0:55  Probe (Chrono Boost)  
  17  1:02  Assimilator  
  17  1:07  Probe (Chrono Boost)  
  17  1:09  Assimilator  
  18  1:19  Probe (Chrono Boost)  
  19  1:31  Probe (Chrono Boost)  
  20  1:42  Probe (Chrono Boost)  
  20  1:47  Zealot  
  23  1:57  Probe (Chrono Boost)  
  24  2:08  Zealot  
  24  2:09  Cybernetics Core  
  26  2:13  Probe (Chrono Boost)  
  27  2:27  Probe (Chrono Boost)  
  28  2:39  Probe (Chrono Boost)  
  29  2:50  Probe (Chrono Boost)  
  30  3:06  Nexus  
  30  3:10  Probe (Chrono Boost)  
  31  3:22  Probe (Chrono Boost)  
  31  3:29  Twilight Council  
  32  3:34  Probe (Chrono Boost)  
  33  3:46  Probe (Chrono Boost)  
  34  3:52  Assimilator  
  34  3:58  Probe (Chrono Boost)  
  35  4:08  Pylon  
  36  4:10  Probe (Chrono Boost)  
  36  4:15  Whirlwind (Chrono Boost)  
  36  4:21  Probe (Chrono Boost)  
  36  4:28  Assimilator  
  37  4:37  Probe  
  37  4:38  Templar Archives  
  38  4:44  Khaydarin Amulet  
  30  4:50  Probe  
  38  4:54  Probe  
  40  5:01  Probe (Chrono Boost)  
  41  5:13  Probe (Chrono Boost)  
  41  5:17  Probe (Chrono Boost)  
  41  5:27  Probe (Chrono Boost)  
  41  5:28  Probe (Chrono Boost)  
  42  5:39  Probe  
  43  5:42  Probe  
  43  5:44  Zealot x3  
  51  5:52  Probe (Chrono Boost)  
  51  5:58  Gateway  
  52  6:00  Probe (Chrono Boost)  
  52  6:08  Probe (Chrono Boost)  
  54  6:11  Forge  
  54  6:15  Probe (Chrono Boost)  
  56  6:20  Probe (Chrono Boost)  
  56  6:24  Gateway  
  56  6:26  Psionic Storm  
  56  6:28  Probe (Chrono Boost)  
  57  6:32  Protoss Ground Weapons Level 1 (Chrono Boost)  
  57  6:33  Probe (Chrono Boost)  
  57  6:34  Charge (Chrono Boost)  
  58  6:40  Probe (Chrono Boost)  
  58  6:47  High Templar  
  58  6:49  High Templar  
  63  6:50  Archon  
  63  7:09  Gateway, High Templar x2  
  67  7:10  Archon  
  67  7:17  Gateway  
  67  7:22  Gateway  
  67  7:27  Plasma Surge  
  67  7:51  Gateway  
  67  7:54  Gateway  
  67  7:57  Robotics Facility  
  67  8:07  High Templar x2  
  67  8:08  Archon  
  71  8:10  Zealot x3  
  77  8:26  Zealot x2  
  81  8:38  Protoss Ground Weapons Level 2  
  81  8:45  High Templar x2  
  81  8:46  Archon  
  81  8:48  Zealot x3  
  91  9:04  Observer  
  91  9:07  Zealot x5  
  94  9:29  Zealot x6  
  102  9:49  High Templar  
  104  9:50  Archon, High Templar  
  106  10:07  Zealot x4  
  106  10:08  Zealot x2  
  118  10:17  Observer  
  109  10:23  Zealot  
  103  10:39  High Templar x2  
  99  10:41  Archon  
  99  10:46  Zealot x6  
  105  11:04  Immortal  
  105  11:05  Immortal  
  113  11:15  Zealot  
  113  11:16  Zealot  
  101  11:35  High Templar  
  100  11:41  High Templar  
  100  11:46  Zealot  
  100  11:47  Zealot x5  
  105  12:12  High Templar  
  104  12:32  Zealot x7  
  104  12:33  Zealot x2  
  99  13:02  Immortal  
  99  13:05  Immortal  
  97  13:35  Observer  
  97  13:39  Zealot x9  
  116  13:40  Zealot  
Show
View Real Time Build Order
Export as new Build Order

XxMaximusxX Terran 

Build Orders:  

Get SALT Encoding   

Tags
 
Commander
ArtanisRaynor
Matchup
Co-op
Replay Pack
Co-op Speedrun
Add a new tag
Caveats
  • Supply blocks, unpowered buildings, or Contaminate may cause inaccurate times.
  • Supply counts are checked every 10 seconds.